 Dungeon Crawl Stone Soup version 0.26-a0-466-g989023bd0d (webtiles) character file.

Game seed: 7783713066845158039

86 gruber the Sneak (level 4, -1/35 HPs)
             Began as a Demonspawn Delver on Aug 4, 2020.
             Slain by a worm (9 damage)
             ... on level 3 of the Dungeon.
             The game lasted 00:01:17 (646 turns).

gruber the Sneak (Demonspawn Delver)                 Turns: 646, Time: 00:01:17

Health: -1/35      AC:  3    Str: 14    XL:     4   Next: 27%
Magic:  4/4        EV: 12    Int: 11    God:
Gold:   0          SH:  0    Dex: 14    Spells: 3/3 levels left

rFire    + . .     SeeInvis .   a - +0 falchion
rCold    . . .     Faith    .   (no shield)
rNeg     . . .     Spirit   .   b - +0 leather armour
rPois    .         Reflect  .   (no helmet)
rElec    .         Harm     .   (no cloak)
rCorr    .                      (no gloves)
MR       .....                  (no boots)
Stlth    ++........             (no amulet)
HPRegen  0.11/turn              (no ring)
MPRegen  0.09/turn              (no ring)

@: no status effects
A: claws 1, fire resistance 1
a: no special abilities


You were on level 3 of the Dungeon.
You visited 1 branch of the dungeon, and saw 3 of its levels.

Inventory:

Hand Weapons
 a - a +0 falchion (weapon)
Missiles
 h - 4 atropa-tipped darts (quivered)
Armour
 b - a +0 leather armour (worn)
Wands
 f - a wand of iceblast (2)
 g - a wand of digging (3)
Scrolls
 c - a scroll of fog
 d - a scroll of magic mapping
 e - a scroll of fear


   Skills:
 - Level 3.0 Fighting
 + Level 4.2 Long Blades
 - Level 1.7 Dodging
 - Level 4.5 Stealth


You had 3 spell levels left.
You didn't know any spells.
Your spell library was empty.

Dungeon Overview and Level Annotations

Branches:
Dungeon (5/15)
 Temple: D:4-7

Altars:


Innate Abilities, Weirdness & Mutations

You have sharp fingernails.
Your flesh is heat resistant. (rF+)


Message History

You are too injured to fight recklessly!
You are too injured to fight recklessly!
You are too injured to fight recklessly!
You are too injured to fight recklessly!
You are too injured to fight recklessly!
You are too injured to fight recklessly!
You hit the worm.
The worm is heavily wounded.
The worm misses you.
You riposte.
You hit the worm.
The worm is heavily wounded.
You slash the worm!
The worm is almost dead.
You barely miss the worm.
The worm is almost dead.
The worm bites you!
* * * LOW HITPOINT WARNING * * *
You barely miss the worm.
The worm is severely wounded.
The worm bites you!
You die...

#### ##### ..#
#######... #w#
##...###... #@#
##....###... #=#
##..#..##...( #.#
#..##..#...#. #.#
#..###....### #.#
#..###.[..###
#.####..####...###
#.......##########
######...##
#.......##


You could see a worm.

Vanquished Creatures
  Ijyb (D:4)
  A worker ant (D:4)
  4 adders (D:3)
  A bat (D:3)
7 creatures vanquished.

Notes
Turn   | Place    | Note
-------+----------+-------------------------------------------
     0 | D:5      | gruber the Demonspawn Delver began the quest for the Orb.
     0 | D:5      | Reached XP level 1. HP: 18/18 MP: 1/1
    38 | D:4      | Noticed Ijyb
   106 | D:4      | Killed Ijyb
   106 | D:4      | Gained mutation: You have sharp fingernails. [demonic
                  | ancestry]
   106 | D:4      | Reached XP level 2. HP: 6/24 MP: 2/2
   341 | D:4      | Gained mutation: Your flesh is heat resistant. (rF+)
                  | [demonic ancestry]
   341 | D:4      | Reached XP level 3. HP: 29/29 MP: 3/3
   478 | D:3      | Reached XP level 4. HP: 30/35 MP: 4/4
   646 | D:3      | Slain by a worm

Illustrated notes

Levels and vault maps discovered:
D:3:      layout_loops_ring, minitemple, nicolae_overflow_hidden_temple,
          hangedman_glass_teeth
D:4:      layout_loops_cross, old_standard_altar, minmay_rat_hole, uniq_robin,
          uniq_grinder, uniq_ijyb
D:5:      layout_rooms, old_standard_altar, serial_shops, shop,
          kennysheep_generic_room_8, uniq_duvessa

Skill      XL: |  1  2  3  4 |
---------------+-------------+-----
Long Blades    | 3 4 |  4.2
Fighting       | |  3.0
Dodging        | |  1.7
Stealth        | |  4.5

Action                   |  1- 3 |  4- 6 || total
-------------------------+-------+-------++-------
Melee: Falchion          |    70 |    13 ||    83
Evoke: Wand              |     2 |     1 ||     3
  Use: Potion            |     1 |       ||     1
 Stab: Sleeping          |     1 |       ||     1
Armor: Leather armour    |    14 |     2 ||    16
Dodge: Dodged            |    36 |     6 ||    42
       Rpst.: Falchion   |     9 |     4 ||    13

Table legend: (Time is in decaauts)
 A = Elapsed time spent in this place.
 B = Non-inter-level travel time spent in this place.
 C = Inter-level travel time spent in this place.
 D = Time resting spent in this place.
 E = Time spent auto-exploring this place.
 F = Levels seen in this place.
 G = Mean time per level.
                   A        B        C        D        E       F      G
               +--------+--------+--------+--------+--------+-----+--------+
         Total |    646 |    646 |      0 |    210 |    277 |   3 |  215.3 |
       Dungeon |    646 |    646 |      0 |    210 |    277 |   3 |  215.3 |
               +--------+--------+--------+--------+--------+-----+--------+

Top non-repeatable levels by time:
     D:4: 328 daAuts
     D:3: 301 daAuts
     D:5: 17 daAuts
